Map: Prion Terraces

Players

BLADE

  • Race: Protoss Protoss
  • League: Platinum

LilDicky - Winner!

  • Race: Terran Terran
  • League: Diamond

VOD

http://www.twitch.tv/tumescentpie

Description

Time

  • Played on: Nov. 27, 2015, 9:53 p.m.
  • Length: 5:34
Show
View Real Time Build Order
Export as new Build Order

BLADE Protoss 

Build Orders:  

Get SALT Encoding   

  12  0:01  Probe (Chrono Boost)  
  13  0:11  Probe (Chrono Boost)  
  14  0:23  Probe (Chrono Boost)  
  14  0:26  Pylon  
  15  0:44  Probe (Chrono Boost)  
  15  0:49  Gateway  
  16  0:54  Gateway  
  16  0:55  Probe (Chrono Boost)  
  16  0:57  Gateway  
  17  0:59  Assimilator  
  17  1:05  Probe (Chrono Boost)  
  17  1:09  Pylon  
  18  1:16  Probe (Chrono Boost)  
  19  1:26  Probe (Chrono Boost)  
  20  1:37  Probe (Chrono Boost)  
  21  1:44  Cybernetics Core, Gateway  
  21  1:47  Probe (Chrono Boost)  
  22  1:58  Probe (Chrono Boost)  
  23  2:06  Nexus  
  23  2:10  Assimilator  
  23  2:20  Mothership Core (Chrono Boost)  
  25  2:28  Warp Gate  
  25  2:38  Adept x2  
  25  2:40  Pylon  
  29  3:00  Probe (Chrono Boost)  
  29  3:01  Gateway  
  30  3:10  Probe (Chrono Boost)  
  31  3:21  Robotics Facility  
  24  3:51  Adept x3  
  24  3:55  Probe (Chrono Boost)  
  31  4:14  Observer  
  31  4:15  Probe (Chrono Boost)  
  31  4:16  Probe (Chrono Boost)  
  33  4:26  Probe (Chrono Boost)  
  33  4:29  Probe (Chrono Boost)  
  35  4:36  Probe (Chrono Boost)  
  35  4:52  Probe (Chrono Boost), Warp Prism (Chrono Boost)  
  38  4:53  Probe (Chrono Boost)  
  39  5:01  Probe  
  39  5:02  Gateway  
  39  5:04  Probe  
  41  5:18  Probe  
  41  5:20  Probe  
Show
View Real Time Build Order
Export as new Build Order

LilDicky Terran - Winner!

Build Orders: MMM Bio 

Get SALT Encoding   

  12  0:01  SCV  
  13  0:13  SCV  
  14  0:18  Supply Depot  
  14  0:25  SCV  
  14  0:28  Refinery  
  15  0:40  SCV  
  16  0:46  Barracks  
  16  0:53  SCV  
  17  1:05  SCV  
  18  1:17  SCV  
  19  1:33  Orbital Command  
  19  1:34  Supply Depot  
  19  1:35  Factory  
  19  1:37  Marine  
  20  1:54  Marine  
  21  2:02  SCV, Barracks  
  21  2:07  Barracks  
  22  2:13  Refinery  
  22  2:17  Barracks Reactor  
  22  2:25  SCV  
  23  2:33  Widow Mine  
  25  2:37  SCV  
  26  2:50  Barracks Tech Lab  
  26  2:55  Barracks Tech Lab  
  26  2:56  SCV, Marine  
  26  2:57  Marine  
  28  2:59  Supply Depot  
  28  3:02  Widow Mine  
  30  3:16  Stimpack  
  30  3:20  Combat Shields, Marine  
  30  3:21  Marine x3  
  34  3:27  Supply Depot  
  34  3:37  Marine  
  34  3:38  Widow Mine  
  39  3:41  Marauder  
  39  3:48  Marine x2  
  39  3:49  Supply Depot  
  39  3:51  SCV  
  40  4:15  Marauder x2, Marine x2  
  46  4:19  Starport  
  46  4:22  Supply Depot  
  46  4:24  SCV  
  46  4:28  Widow Mine  
  49  4:45  Marauder x2, Marine x2  
  51  4:59  Medivac  
  53  5:02  Marine  
  53  5:03  Marine  
  53  5:06  Marine  
Tags
 
Add a new tag
Caveats
  • Supply blocks, unpowered buildings, or Contaminate may cause inaccurate times.
  • Supply counts are checked every 10 seconds.